 Dungeon Sprint DCSS version bcrawl-1.17.3 (webtiles) character file.

Game seed: 6536684120251798483

840 Freyura the Blocker (level 8, -4/105 HPs)
             Began as a Gnoll Fighter on Oct 20, 2019.
             Was a Believer of Sif Muna.
             Slain by an eight-headed hydra (15 damage)
             ... in the Dungeon (Sprint IX: "|||||||||||||||||||||||||||||") on Oct 21, 2019.
             The game lasted 00:07:01 (540 turns).

Freyura the Blocker (Gnoll Fighter)                  Turns: 540, Time: 00:07:02

Health: -4/105     AC:  8    Str: 29    XL:     8   Next: 0%
Magic:  1/16       EV: 14    Int: 12    God:    Sif Muna [**....]
Gold:   0          SH: 13    Dex: 16    Spells: 18/18 levels left

rFire    . . .     SeeInvis .   p - +2 morningstar (holy)
rCold    . . .     Gourm    .   c - +0 shield
rNeg     . . .     Faith    .   a - +0 troll leather armour
rPois    .         Spirit   .   (no helmet)
rElec    .         Reflect  .   q - +0 cloak
rCorr    .         Harm     .   r - +0 pair of gloves
MR       .....     NoTele   +   (no boots)
Stlth    ..........             (no amulet)
HPRegen  0.67/turn              t - +3 ring of strength
MPRegen  0.15/turn              u - +3 ring of strength

@: berserking, very quick
A: distributed training, fangs 1, strong nose
a: Divine Energy, Renounce Religion


You were in the Dungeon.
You worshipped Sif Muna.
Sif Muna was pleased with you.
You were not hungry.

You visited 1 branch

Inventory:

Hand Weapons
 p - a +2 morningstar of holy wrath (weapon)
Armour
 a - a +0 troll leather armour (worn)
 c - a +0 shield (worn)
 q - a +0 cloak (worn)
 r - a +0 pair of gloves (worn)
 s - a +1 scale mail
Jewellery
 t - a +3 ring of strength (left hand)
 u - a +3 ring of strength (right hand)
Wands
 o - a wand of iceblast (10)
Scrolls
 k - 2 scrolls of blinking
 m - 3 scrolls of remove curse
 n - 2 scrolls of amnesia
Potions
 e - 5 potions of curing
 g - a potion of heal wounds
 h - a potion of haste
 i - 4 potions of magic
 l - a potion of invisibility
Comestibles
 f - a ration {!d}


   Skills:
 + Level 8.9 Fighting
 + Level 5.9 Short Blades
 + Level 5.9 Long Blades
 + Level 5.9 Axes
 + Level 7.6 Maces & Flails
 + Level 5.9 Polearms
 + Level 5.9 Staves
 + Level 5.9 Slings
 + Level 5.9 Bows
 + Level 5.9 Crossbows
 + Level 5.9 Throwing
 + Level 8.9 Armour
 + Level 5.9 Dodging
 + Level 5.9 Stealth
 + Level 8.9 Shields
 + Level 5.9 Unarmed Combat
 + Level 5.9 Spellcasting
 + Level 4.9 Conjurations
 + Level 4.9 Hexes
 + Level 4.9 Charms
 + Level 4.9 Summonings
 + Level 4.9 Necromancy
 + Level 4.9 Translocations
 + Level 4.9 Transmutations
 + Level 4.9 Fire Magic
 + Level 4.9 Ice Magic
 + Level 4.9 Air Magic
 + Level 4.9 Earth Magic
 + Level 4.9 Poison Magic
 + Level 6.5 Invocations
 + Level 5.9 Evocations


You had 18 spell levels left.
You didn't know any spells.
Your spell library contained the following spells:

 Spells                   Type           Power        Failure   Level  Hunger
 Shock                    Conj/Air       ###..        6%          1    None
 Swiftness                Chrm/Air       ###.....     9%          2    ##.....
 Static Discharge         Air            ###.....     17%         3    ###....
 Airstrike                Air            ###.......   50%         4    ####...
 Lightning Bolt           Conj/Air       ###.......   85%         5    ######.


Dungeon Overview and Level Annotations

Branches:
Dungeon (1/1)

Altars:
Cheibriados
Dithmenos
Elyvilon
Fedhas
Gozag
Hepliaklqana
Kikubaaqudgha
Lugonu
Makhleb
Nemelex Xobeh
Okawaru
Qazlal
Ru
Sif Muna
Trog
Uskayaw
Vehumet
Wu Jian
Xom
Yredelemnul
Zin
The Shining One
Beogh
Jiyva


Innate Abilities, Weirdness & Mutations

Your experience applies equally to all skills.
You have very sharp teeth.
Your uncanny sense of smell can sniff out nearby items.


Message History

You block the eight-headed hydra's attack.
The eight-headed hydra bites you but does no damage. x2
The eight-headed hydra bites you.
* * * LOW HITPOINT WARNING * * *
You bludgeon the eight-headed hydra!!
The eight-headed hydra is heavily wounded.
You barely miss the eight-headed hydra.
The eight-headed hydra is heavily wounded.
The eight-headed hydra bites you but does no damage.
You block the eight-headed hydra's attack.
The eight-headed hydra bites you.
* * * LOW HITPOINT WARNING * * *
The eight-headed hydra bites you!
* * * LOW HITPOINT WARNING * * *
The eight-headed hydra misses you.
You block the eight-headed hydra's attack.
The eight-headed hydra bites you.
* * * LOW HITPOINT WARNING * * *
The eight-headed hydra bites you!
You die...

▓▓▓▓▓▓▓▓▓▓▓▓▓▓▓▓▓▓▓▓▓▓▓▓
'..|)....[).....@D{G.O..
▓▓▓▓▓▓▓▓▓▓▓▓▓▓▓▓▓▓▓▓▓▓▓▓
∆∆∆∆ ∆ ∆∆∆∆


You could see an eight-headed hydra, a two-headed ogre and an eye of draining.

Vanquished Creatures
  A troll (D)
  A wraith (D)
  A yak (D)
  An ice beast (D)
  A big kobold (D)
  A bullfrog (D)
  A crimson imp (D)
  A gnoll shaman (D)
  A worker ant (D)
  3 orcs (D)
  A goblin (D)
  2 hobgoblins (D)
  2 bats (D)
  A jackal skeleton (D)
18 creatures vanquished.

Notes
Turn   | Place    | Note
-------+----------+-------------------------------------------
     0 | D        | Freyura the Gnoll Fighter began the quest for the Orb.
     0 | D        | Reached XP level 1. HP: 23/23 MP: 1/1
    17 | D        | Reached skill level 1 in Invocations
    20 | D        | Reached skill level 1 in Short Blades
    20 | D        | Reached skill level 1 in Long Blades
    20 | D        | Reached skill level 1 in Axes
    20 | D        | Reached skill level 1 in Polearms
    20 | D        | Reached skill level 1 in Staves
    20 | D        | Reached skill level 1 in Slings
    20 | D        | Reached skill level 1 in Bows
    20 | D        | Reached skill level 1 in Crossbows
    20 | D        | Reached skill level 1 in Throwing
    20 | D        | Reached skill level 1 in Dodging
    20 | D        | Reached skill level 1 in Stealth
    20 | D        | Reached skill level 1 in Unarmed Combat
    20 | D        | Reached skill level 1 in Spellcasting
    20 | D        | Reached skill level 1 in Evocations
    31 | D        | Noticed a gnoll shaman
    31 | D        | Noticed a worker ant
    45 | D        | Killed a gnoll shaman
    45 | D        | Reached skill level 5 in Maces & Flails
    45 | D        | Reached skill level 1 in Conjurations
    45 | D        | Reached skill level 1 in Hexes
    45 | D        | Reached skill level 1 in Charms
    45 | D        | Reached skill level 1 in Summonings
    45 | D        | Reached skill level 1 in Necromancy
    45 | D        | Reached skill level 1 in Translocations
    45 | D        | Reached skill level 1 in Transmutations
    45 | D        | Reached skill level 1 in Fire Magic
    45 | D        | Reached skill level 1 in Ice Magic
    45 | D        | Reached skill level 1 in Air Magic
    45 | D        | Reached skill level 1 in Earth Magic
    45 | D        | Reached skill level 1 in Poison Magic
    45 | D        | Reached XP level 2. HP: 14/29 MP: 3/5
    45 | D        | Reached XP level 3. HP: 17/35 MP: 3/6
    56 | D        | Reached XP level 4. HP: 12/43 MP: 4/7
   323 | D        | Found a roughly hewn altar of Beogh.
   323 | D        | Found a snail-covered altar of Cheibriados.
   323 | D        | Found a shadowy altar of Dithmenos.
   323 | D        | Found a white marble altar of Elyvilon.
   323 | D        | Found a blossoming altar of Fedhas.
   323 | D        | Found an opulent altar of Gozag.
   324 | D        | Found a hazy altar of Hepliaklqana.
   325 | D        | Found a viscous altar of Jiyva.
   326 | D        | Found an ancient bone altar of Kikubaaqudgha.
   327 | D        | Found a corrupted altar of Lugonu.
   328 | D        | Found a burning altar of Makhleb.
   329 | D        | Found a sparkling altar of Nemelex Xobeh.
   330 | D        | Found an iron altar of Okawaru.
   331 | D        | Found a stormy altar of Qazlal.
   332 | D        | Found a sacrificial altar of Ru.
   333 | D        | Found a shimmering blue altar of Sif Muna.
   334 | D        | Found a bloodstained altar of Trog.
   335 | D        | Found a hide-covered altar of Uskayaw.
   336 | D        | Found a radiant altar of Vehumet.
   337 | D        | Found an ornate altar of the Wu Jian Council.
   338 | D        | Found a shimmering altar of Xom.
   339 | D        | Found a basalt altar of Yredelemnul.
   340 | D        | Found a glowing silver altar of Zin.
   341 | D        | Became a worshipper of Sif Muna the Loreminder
   342 | D        | Found a glowing golden altar of the Shining One.
   395 | D        | Noticed a big kobold
   395 | D        | Noticed an ice beast
   395 | D        | Noticed a troll
   395 | D        | Noticed a bullfrog
   395 | D        | Noticed a yak
   411 | D        | Killed a big kobold
   411 | D        | Reached XP level 5. HP: 38/48 MP: 7/9
   412 | D        | Reached * piety under Sif Muna
   425 | D        | Killed an ice beast
   425 | D        | Received a gift from Sif Muna
   425 | D        | Reached XP level 6. HP: 48/56 MP: 9/12
   433 | D        | Killed a troll
   433 | D        | Reached skill level 5 in Short Blades
   433 | D        | Reached skill level 5 in Long Blades
   433 | D        | Reached skill level 5 in Axes
   433 | D        | Reached skill level 5 in Polearms
   433 | D        | Reached skill level 5 in Staves
   433 | D        | Reached skill level 5 in Slings
   433 | D        | Reached skill level 5 in Bows
   433 | D        | Reached skill level 5 in Crossbows
   433 | D        | Reached skill level 5 in Throwing
   433 | D        | Reached skill level 5 in Dodging
   433 | D        | Reached skill level 5 in Stealth
   433 | D        | Reached skill level 5 in Unarmed Combat
   433 | D        | Reached skill level 5 in Spellcasting
   433 | D        | Reached skill level 5 in Invocations
   433 | D        | Reached skill level 5 in Evocations
   433 | D        | Reached XP level 7. HP: 24/63 MP: 10/14
   439 | D        | Killed a yak
   439 | D        | Reached ** piety under Sif Muna
   526 | D        | Noticed a wraith
   526 | D        | Noticed an eight-headed hydra
   526 | D        | Noticed a two-headed ogre
   529 | D        | Killed a wraith
   529 | D        | Reached XP level 8. HP: 70/70 MP: 10/16
   540 | D        | Slain by an eight-headed hydra

Skill      XL: |  1  2  3  4  5  6  7 |
---------------+----------------------+-----
Invocations    | 2 3 4 5 6 |  6.5
Short Blades   | 2 3 4 5 |  5.9
Long Blades    | 2 3 4 5 |  5.9
Axes           | 2 3 4 5 |  5.9
Polearms       | 2 3 4 5 |  5.9
Staves         | 2 3 4 5 |  5.9
Slings         | 2 3 4 5 |  5.9
Bows           | 2 3 4 5 |  5.9
Crossbows      | 2 3 4 5 |  5.9
Throwing       | 2 3 4 5 |  5.9
Dodging        | 2 3 4 5 |  5.9
Stealth        | 2 3 4 5 |  5.9
Unarmed Combat | 2 3 4 5 |  5.9
Spellcasting   | 2 3 4 5 |  5.9
Evocations     | 2 3 4 5 |  5.9
Maces & Flails | 5 6 7 |  7.6
Conjurations   | 1 2 3 4 |  4.9
Hexes          | 1 2 3 4 |  4.9
Charms         | 1 2 3 4 |  4.9
Summonings     | 1 2 3 4 |  4.9
Necromancy     | 1 2 3 4 |  4.9
Translocations | 1 2 3 4 |  4.9
Transmutations | 1 2 3 4 |  4.9
Fire Magic     | 1 2 3 4 |  4.9
Ice Magic      | 1 2 3 4 |  4.9
Air Magic      | 1 2 3 4 |  4.9
Earth Magic    | 1 2 3 4 |  4.9
Poison Magic   | 1 2 3 4 |  4.9
Fighting       | 7 8 |  8.9
Armour         | 7 8 |  8.9
Shields        | 7 8 |  8.9

Action                   |  1- 3 |  4- 6 |  7- 9 || total
-------------------------+-------+-------+-------++-------
Melee: Flail             |    42 |       |       ||    42
       Bite              |     9 |    11 |     4 ||    24
       Morningstar       |       |    36 |    18 ||    54
  Use: Potion            |       |     2 |     2 ||     4
Armor: Scale mail        |    12 |    21 |       ||    33
       Troll leather arm |       |       |    11 ||    11
Dodge: Dodged            |     9 |    18 |    12 ||    39
Block: Shield            |    13 |    13 |    19 ||    45
